 Dungeon Crawl Stone Soup version 0.30-a0-691-g754fce4c43 (webtiles) character file.

Game seed: 17057669239007670745

8957 IdlyInterested the Basher (level 11, -10/115 HPs)
             Began as a Demonspawn Gladiator on Jan 19, 2023.
             Mangled by a red devil
             ... wielding a +0 trident
              (15 damage)
             ... on level 10 of the Dungeon.
             The game lasted 00:30:57 (10528 turns).

IdlyInterested the Basher (Demonspawn Gladiator)   Turns: 10528, Time: 00:30:58

Health: -10/115    AC: 12    Str: 16    XL:     11   Next: 16%
Magic:  11/11      EV: 13    Int: 11    God:
Gold:   532        SH: 13    Dex: 18    Spells: 10/10 levels left

rFire   . . .      SeeInvis .    K - +7 morningstar
rCold   + . .      Faith    .    w - +2 buckler of Claustrophobia {Int+2 Slay+5}
rNeg    . . .      Spirit   .    I - +0 acid dragon scales
rPois   .          Reflect  +    r - +2 hat
rElec   .          Harm     .    n - scarf {repulsion}
rCorr   +          Rampage  .    f - +2 pair of gloves
Will    .....                    (no boots) Stlth
                                 F - amulet of reflection
HPRegen 1.39/turn                B - ring of resist corrosion
MPRegen 0.12/turn                z - ring of protection from cold

@: berserking (expiring), lethally poisoned (-10 -> -13), weakened, spiked,
repel missiles, very quick
A: horns 2, ignite blood 1, powered by death 1, sturdy frame 1
a: no special abilities


You were on level 10 of the Dungeon.
You visited 2 branches of the dungeon, and saw 11 of its levels.
You also visited: Ossuary.

You collected 532 gold pieces.

Inventory:

Hand Weapons
 c - a +0 morningstar of venom
 A - a +1 whip of freezing
 K - a +7 morningstar (weapon)
Missiles
 d - 4 throwing nets
 g - 5 poisoned darts (quivered)
 h - 75 stones
 i - 2 atropa-tipped darts
 p - 3 javelins
 x - 10 boomerangs
 L - a curare-tipped dart
Armour
 f - a +2 pair of gloves (worn)
 n - a scarf of repulsion (worn)
 r - a +2 hat (worn)
 w - the +2 buckler of Claustrophobia (worn) {Int+2 Slay+5}
   (You took it off a gnoll on level 5 of the Dungeon)

   Int:       It affects your intelligence (+2).
   Slay:      It affects your accuracy & damage with ranged weapons and melee
   (+5).
 I - +0 acid dragon scales (worn)
Jewellery
 l - a ring of positive energy
 z - a ring of protection from cold (right hand)
 B - a ring of resist corrosion (left hand)
 C - a ring of protection from cold
 F - an amulet of reflection (around neck)
Wands
 y - a wand of flame (35)
 D - a wand of charming (14)
 E - a wand of polymorph (8)
Scrolls
 a - 2 scrolls of amnesia
 q - 3 scrolls of enchant armour
 s - 6 scrolls of teleportation
 v - 2 scrolls of magic mapping
 J - a scroll of brand weapon
Potions
 b - a potion of might
 e - a potion of resistance
 j - 8 potions of heal wounds
 k - 10 potions of curing
 m - 3 potions of invisibility
 o - 2 potions of magic
 t - a potion of cancellation
 u - a potion of haste
 H - a potion of brilliance


   Skills:
 - Level 4.0 Fighting
 + Level 13.9 Maces & Flails
 - Level 2.0 Throwing
 - Level 4.0 Armour
 - Level 4.0 Dodging
 * Level 4.6 Shields
 - Level 2.0 Evocations


You had 10 spell levels left.
You didn't know any spells.
Your spell library contained the following spells:

 Spells                   Type           Power      Damage    Failure   Level
 Apportation              Tloc           0%         N/A       45%         1
 Necrotise                Necr           0%         1d4       45%         1
 Summon Small Mammal      Summ           0%         N/A       45%         1
 Call Canine Familiar     Summ           0%         N/A       83%         3
 Portal Projectile        Hex/Tloc       0%         N/A       83%         3
 Leda's Liquefaction      Hex/Erth       0%         N/A       99%         4


Dungeon Overview and Level Annotations

Branches:
Dungeon (10/15)            Temple (1/1) D:6            Lair (0/5) D:8
Ossuary (visited)
    Orc: D:9-12

Altars:
Ashenzari
Cheibriados
Fedhas
Gozag
Hepliaklqana
Kikubaaqudgha
Makhleb
Nemelex Xobeh
Okawaru
Qazlal
Ru
Trog
Uskayaw
Vehumet
Wu Jian
Xom
Yredelemnul


Innate Abilities, Weirdness & Mutations

You have a pair of horns on your head.
Your demonic aura sometimes causes spilled blood to erupt in flames.
You regenerate a little health from kills.
Your movements are slightly less encumbered by armour. (ER -2)


Message History

The red devil hits you from afar with a +0 trident.
* * * LOW HITPOINT WARNING * * *
Barbed spikes become lodged in your body.
The orange demon stings you.
* * * LOW HITPOINT WARNING * * *
You are poisoned.
The orange demon poisons you! The orange demon misses you.
You sock the orange demon! You headbutt the orange demon!
The orange demon is heavily wounded.
You feel very sick.
You barely miss the orange demon.
The orange demon is heavily wounded.
You feel very sick. You block the red devil's attack.
You block the orange demon's attack. The orange demon hits you.
* * * LOW HITPOINT WARNING * * *
You feel your attacks grow feeble.
You thump the orange demon!
The orange demon is severely wounded.
You feel sick.
You puncture the orange demon!
The orange demon is almost dead.
* * * LOW HITPOINT WARNING * * *
You feel very sick. You block the red devil's attack.
You block the orange demon's attack. The orange demon closely misses you.
You puncture the orange demon!
You kill the orange demon!
You feel sick.
The barbs in your skin will harm you if you move.
Continue?
Okay, then.
You are too berserk!
You are too berserk!
The barbs in your skin will harm you if you move.
Continue? [Y]es or [N]o only, please.
The barbs in your skin will harm you if you move.
Continue?
Okay, then.
You feel sick.
The red devil hits you from afar with a +0 trident!
You die...

.... .(.. .
##(.## .
..####.(..####..
.......(........
+.....4..#..#
#.....(..(.#
#.....@<.#
#........#
#....)...#
#........#
#####+####


You could see a red devil.

Vanquished Creatures
  Gastronok (D:8)
  2 two-headed ogres
  Nergalle (D:10)
  Pikel (D:5)
  Joseph (D:8)
  2 orange demons (D:10)
  The ghost of elongatedgoose the Slicer, a novice SpBr (D:5)
  Grinder (D:5)
  A yak (D:9)
  2 wyverns
  An acid dragon (D:8)
  2 water moccasins
  An orc warrior (D:9)
  2 sky beasts (D:7)
  2 ogres
  A lemure (D:5)
  A phantom (D:5)
  2 kobold brigands
  2 bullfrogs (D:7)
  A necrophage (D:5)
  2 gnoll sergeants
  3 scorpions
  12 wights (D:9)
  4 killer bees (D:8)
  5 howler monkeys
  A centaur zombie (Ossuary)
  6 hounds
  4 orc priests
  2 jellies
  4 gnoll boudas
  4 iguanas
  9 orc wizards
  4 ogre zombies (Ossuary)
  7 mummies (Ossuary)
  34 gnolls
  6 adders
  A shadow imp (D:5)
  A white imp (D:6)
  An ufetubus (D:6)
  5 adder zombies (Ossuary)
  3 worms
  A dart slug (D:1)
  26 orcs
  2 bats
  6 endoplasms
  5 giant cockroaches
  9 goblins
  8 hobgoblins
  4 jackals (D:4)
  12 kobolds
  3 quokkas
  8 ball pythons
  4 frilled lizards
  9 goblin zombies (Ossuary)
  2 hobgoblin zombies (Ossuary)
  2 kobold zombies (Ossuary)
  An orc zombie (Ossuary)
  2 quokka zombies (Ossuary)
  5 rats
  4 rat zombies (Ossuary)
259 creatures vanquished.

Notes
Turn   | Place    | Note
-------+----------+-------------------------------------------
     0 | D:1      | IdlyInterested the Demonspawn Gladiator began the quest for
                  | the Orb.
     0 | D:1      | Reached XP level 1. HP: 16/16 MP: 1/1
    73 | D:1      | Reached skill level 3 in Maces & Flails
   125 | D:1      | Gained mutation: You have a pair of small horns on your
                  | head. [demonic ancestry]
   125 | D:1      | Reached XP level 2. HP: 10/22 MP: 2/2
   213 | D:1      | Reached skill level 1 in Armour
   575 | D:1      | Gained mutation: You regenerate a little health from kills.
                  | [demonic ancestry]
   575 | D:1      | Reached XP level 3. HP: 19/27 MP: 3/3
  1287 | D:2      | Reached skill level 4 in Maces & Flails
  1287 | D:2      | Gained mutation: You have a pair of horns on your head.
                  | [demonic ancestry]
  1287 | D:2      | Reached XP level 4. HP: 31/33 MP: 4/4
  1415 | D:2      | Found a faded altar of an unknown god.
  1946 | D:3      | Found a shimmering altar of Xom.
  2395 | D:3      | Gained mutation: Your demonic aura sometimes causes spilled
                  | blood to erupt in flames. [demonic ancestry]
  2395 | D:3      | Reached XP level 5. HP: 15/38 MP: 5/5
  2543 | D:4      | Reached skill level 5 in Maces & Flails
  2606 | D:4      | Found a sand-covered staircase.
  2613 | Ossuary  | Entered an ossuary
  2848 | Ossuary  | Reached XP level 6. HP: 46/46 MP: 6/6
  3242 | Ossuary  | Reached skill level 6 in Maces & Flails
  3761 | D:4      | Reached XP level 7. HP: 47/52 MP: 7/7
  4171 | D:5      | Entered Level 5 of the Dungeon
  4297 | D:5      | Identified the +2 buckler of Claustrophobia {Int+2 Slay+5}
  4463 | D:5      | Reached skill level 7 in Maces & Flails
  4614 | D:5      | Noticed Grinder
  4614 | D:5      | Paralysed by Grinder for 2 turns
  4627 | D:5      | Killed Grinder
  4628 | D:5      | Reached skill level 1 in Shields
  4628 | D:5      | Reached XP level 8. HP: 58/58 MP: 8/8
  4634 | D:5      | Found a runed translucent door.
  4636 | D:5      | Noticed elongatedgoose's ghost (novice SpBr)
  4649 | D:5      | Killed elongatedgoose's ghost
  4650 | D:5      | Reached skill level 8 in Maces & Flails
  4794 | D:5      | Noticed Pikel
  4835 | D:5      | Killed Pikel
  4836 | D:5      | Reached skill level 9 in Maces & Flails
  5013 | D:5      | Gained mutation: Your movements are slightly less
                  | encumbered by armour. (ER -2) [demonic ancestry]
  5013 | D:5      | Reached XP level 9. HP: 63/63 MP: 9/9
  5297 | D:6      | Identified the +2 spear of Punishment {flame, Str+4}
  5373 | D:6      | Found a staircase to the Ecumenical Temple.
  5379 | Temple   | Entered the Ecumenical Temple
  5604 | D:6      | Reached skill level 10 in Maces & Flails
  5604 | D:6      | Reached skill level 1 in Evocations
  5976 | D:6      | Found an opulent altar of Gozag.
  6144 | D:6      | Found an ancient bone altar of Kikubaaqudgha.
  7225 | D:7      | Found a burning altar of Makhleb.
  7381 | D:7      | Reached skill level 11 in Maces & Flails
  8001 | D:8      | Noticed Joseph
  8010 | D:8      | Killed Joseph
  8194 | D:8      | Found an iron altar of Okawaru.
  8432 | D:8      | Noticed Gastronok
  8447 | D:8      | Killed Gastronok
  8448 | D:8      | Reached skill level 12 in Maces & Flails
  8448 | D:8      | Reached XP level 10. HP: 46/71 MP: 10/10
  8665 | D:8      | Found a staircase to the Lair.
  9533 | D:9      | Reached skill level 13 in Maces & Flails
  9651 | D:9      | Noticed a two-headed ogre
  9657 | D:9      | Killed a two-headed ogre
 10230 | D:9      | Found a hazy altar of Hepliaklqana.
 10230 | D:9      | Found a blossoming altar of Fedhas.
 10325 | D:9      | Found a hide-covered altar of Uskayaw.
 10476 | D:10     | Entered Level 10 of the Dungeon
 10476 | D:10     | Noticed Nergalle
 10483 | D:10     | Killed Nergalle
 10484 | D:10     | Reached XP level 11. HP: 45/77 MP: 11/11
 10506 | D:10     | Noticed a two-headed ogre
 10517 | D:10     | Killed a two-headed ogre
 10528 | D:10     | HP: 5/115 [poisoned by an orange demon]
 10528 | D:10     | Mangled by a red devil

Illustrated notes

Levels and vault maps discovered:
D:1:      psy_arrival_statuary, layout_basic
D:2:      layout_basic, hellmonk_ecumenical_altar_zigzags
D:3:      layout_rooms, mainiacjoe_overflow_24_doors,
          mainiacjoe_overflow_concentric_impassable
D:4:      layout_basic, chequers_ossuary_entry_cave, interstate_on_off
D:5:      layout_rooms, mainiacjoe_overflow_alcove_2, ebering_ghost_sewer_d,
          kennysheep_boxes, uniq_pikel, uniq_grinder
D:6:      layout_gridville, amcnicky_altar_gilded, overflow_temple_1_default,
          temple_green
D:7:      layout_basic, general_overflow_altar, st_stairs_8
D:8:      layout_basic, kennysheep_mini, lair_entry_dummy, uniq_gastronok,
          uniq_joseph
D:9:      layout_stronghold, nicolae_uskayaw_suspiria,
          gammafunk_temple_overflow_wave, dreamdust_gnoll_shepherd
D:10:     layout_roguey, mainiacjoe_overflow_small_starburst,
          grunt_dithmenos_smoke_and_mirrors, minmay_beelzebubs_servants,
          uniq_nergalle, uniq_lodul
Temple:   dpeg_chambers_temple

Skill      XL: |  1  2  3  4  5  6  7  8  9 10 |
---------------+-------------------------------+-----
Maces & Flails | 3 4 5 6 7 9 12 13 | 13.9
Armour         | 1 2 3 4 |  4.0
Throwing       | 2 |  2.0
Fighting       | 3 4 |  4.0
Dodging        | 3 4 |  4.0
Shields        | 1 3 4 |  4.6
Evocations     | 2 |  2.0

Action                   |  1- 3 |  4- 6 |  7- 9 | 10-12 || total
-------------------------+-------+-------+-------+-------++-------
Melee: Flail             |    84 |    88 |       |       ||   172
       Headbutt          |     7 |    33 |    47 |    38 ||   125
       Punch             |       |     2 |     1 |       ||     3
       Morningstar       |       |   145 |   240 |   155 ||   540
Throw: Stone             |    12 |    10 |     5 |     3 ||    30
       Javelin           |       |     1 |       |       ||     1
       Dart              |       |       |       |    11 ||    11
  Use: Scroll            |     2 |    13 |     5 |     1 ||    21
       Potion            |     2 |     6 |       |     2 ||    10
 Stab: Sleeping          |     1 |     2 |       |       ||     3
Armor: Leather armour    |    19 |    24 |       |       ||    43
       Chain mail        |       |    68 |   101 |       ||   169
       Ring mail         |       |     6 |       |       ||     6
       Acid dragon scale |       |       |     6 |    44 ||    50
Dodge: Dodged            |    54 |    75 |    77 |    58 ||   264
       Repelled          |       |       |     1 |     1 ||     2
Block: Buckler           |       |       |    79 |    89 ||   168
       Reflection        |       |       |     1 |     2 ||     3

Table legend: (Time is in decaauts)
 A = Elapsed time spent in this place.
 B = Non-inter-level travel time spent in this place.
 C = Inter-level travel time spent in this place.
 D = Time resting spent in this place.
 E = Time spent auto-exploring this place.
 F = Levels seen in this place.
 G = Mean time per level.
                   A        B        C        D        E       F      G
               +--------+--------+--------+--------+--------+-----+--------+
         Total |  10606 |   9450 |   1156 |   1510 |   5381 |  12 |  883.8 |
       Dungeon |   9690 |   8534 |   1156 |   1364 |   5195 |  10 |  969.0 |
        Temple |    206 |    206 |      0 |      0 |    186 |   1 |  206.0 |
       Ossuary |    709 |    709 |      0 |    146 |      0 |   1 |  709.0 |
               +--------+--------+--------+--------+--------+-----+--------+

Top non-repeatable levels by time:
     D:8: 1347 daAuts
     D:9: 1342 daAuts
     D:7: 1207 daAuts
     D:2: 1079 daAuts
     D:5: 1068 daAuts
     D:6: 1043 daAuts
     D:4: 975 daAuts
     D:1: 824 daAuts
     D:3: 755 daAuts
 Ossuary: 709 daAuts
  Temple: 206 daAuts
    D:10: 45 daAuts
